 Dungeon Crawl Stone Soup version 0.28.0-53-g5a82cb258f (webtiles) character file.

Game seed: 14074262978226197183

29 MiltankisOP the Ruffian (level 3, 37/37 HPs)
             Began as a Troll Monk on June 14, 2022.
             Was a Plaything of Xom.
             Quit the game on level 1 of the Dungeon.
             The game lasted 00:00:38 (166 turns).

MiltankisOP the Ruffian (Troll Monk)                 Turns: 166, Time: 00:00:38

Health: 37/37      AC:  4    Str: 21    XL:     3   Next: 1%
Magic:  2/2        EV: 10    Int:  6    God:    Xom [..*...]
Gold:   0          SH:  0    Dex: 12    Spells: 2/2 levels left

rFire   . . .      SeeInvis .     - Unarmed
rCold   . . .      Faith    .   (no shield)
rNeg    . . .      Spirit   .   a - +0 robe
rPois   .          Reflect  .   (helmet restricted)
rElec   .          Harm     .   (no cloak)
rCorr   .          Rampage  .   (gloves unavailable)
Will    .....                   (boots unavailable)
Stlth   ++........              (no amulet)
HPRegen 0.92/turn               (no ring)
MPRegen 0.08/turn               (no ring)

@: invisible
A: large, unfitting armour, claws 3, regeneration 1, shaggy fur 1, tough skin 1
a: Renounce Religion


You were on level 1 of the Dungeon.
You worshipped Xom.
You were a toy of Xom.
You visited 1 branch of the dungeon, and saw 1 of its levels.

Inventory:

Armour
 a - a +0 robe (worn)
Scrolls
 c - a scroll of brand weapon {unknown}
 d - a scroll of identify {unknown}
Potions
 b - 2 potions of flight {unknown}


   Skills:
 + Level 3.0 Fighting
 - Level 2.4 Dodging
 - Level 1.0 Stealth
 + Level 3.6 Unarmed Combat


You had 2 spell levels left.
You didn't know any spells.
Your spell library was empty.

Dungeon Overview and Level Annotations

Branches:
Dungeon (1/15)

Altars:
Xom


Innate Abilities, Weirdness & Mutations

You are too large for most types of armour.
You have claws for hands.
Your natural rate of healing is unusually fast.
You are covered in fur. (AC +1)
You have tough skin. (AC +1)


Message History

Found a short sword.
There is an open door here.
A dart slug is nearby!
You see here a +0 short sword.
The helpless dart slug fails to defend itself.
You claw the dart slug!
You kill the dart slug!
No target in view!
No target in view!
No target in view!
No target in view!
No target in view!
No target in view!
No target in view!
You see here a +0 short sword.
As you open the door, it creaks loudly!
You hear a shout!
No target in view!
A gnoll comes into view. It is wielding a +0 club.
There is an open door here. "Go forth and cause havoc, mortal!"
You fade into invisibility!
You scratch the gnoll.
The gnoll is moderately wounded.
The gnoll closely misses you.
You completely miss the gnoll.
The gnoll is moderately wounded.
The gnoll misses you.
You scratch the gnoll.
The gnoll is heavily wounded.
The gnoll barely misses you.
You barely miss the gnoll.
The gnoll is heavily wounded.
You claw the gnoll!
You kill the gnoll!
Your Fighting skill increases to level 3!
You have reached level 3!
Your experience leads to an increase in your attributes!
Increase (S)trength, (I)ntelligence, or (D)exterity?
You feel stronger. x3
Are you sure you want to abandon this character and quit the game? (Confirm with "yes".)

#####.####
#.#
####'#######
#.#
#..........#
####..
#..........#
......
#.......)..#
≈≈≈≈⌠
####'###...#
.P.. #.#
#...## ###.≈
#.# ######..
#_#P⌠ #@#
#.⌠P#.#.⌠
#)#
#.⌠.#.#)≈
#..
##.≈...†P≈
#...
....P≈⌠≈≈P≈
#....
##.........
#.####
#...###...
#.#
#######.#.
#.#
..........
.....###...


There were no monsters in sight!

Vanquished Creatures
  A gnoll (D:1)
  2 dart slugs (D:1)
  A ball python (D:1)
  A bat (D:1)
  2 endoplasms (D:1)
  A goblin (D:1)
  2 hobgoblins (D:1)
  2 jackals (D:1)
  A quokka (D:1)
13 creatures vanquished.

Vanquished Creatures (others)
  A fungus (D:1)
1 creature vanquished.

Grand Total: 14 creatures vanquished

Notes
Turn   | Place    | Note
-------+----------+-------------------------------------------
     0 | D:1      | MiltankisOP the Troll Monk began the quest for the Orb.
     0 | D:1      | Reached XP level 1. HP: 22/22 MP: 0/0
    11 | D:1      | Found a faded altar of an unknown god.
    25 | D:1      | Prayed at the altar of an unknown god.
    25 | D:1      | Became a worshipper of Xom the Capricious
    84 | D:1      | Reached XP level 2. HP: 27/29 MP: 1/1
   158 | D:1      | XOM: potion effect (invisibility)
   166 | D:1      | Reached XP level 3. HP: 37/37 MP: 2/2
   166 | D:1      | Quit the game

Illustrated notes

Levels and vault maps discovered:
D:1:      minmay_arrival_four_circles, layout_basic,
          shapermc_ecumenical_altar_acropolis

Skill      XL: |  1  2 |
---------------+-------+-----
Fighting       | 3 |  3.0
Dodging        | |  2.4
Stealth        | |  1.0
Unarmed Combat | |  3.6

Action                   || total
-------------------------++-------
Melee: Unarmed           ||    30
 Stab: Sleeping          ||     2
Dodge: Dodged            ||    13
